 Dungeon Crawl Stone Soup version 0.31-a0-263-ge8cad7f256 (webtiles) character file.

Game seed: 4005075032970612076

415 qw the Shooter (level 6, -4/52 HPs)
             Began as a Minotaur Hexslinger on July 13, 2023.
             Slain by a killer bee (6 damage)
             ... on level 5 of the Dungeon.
             The game lasted 00:01:17 (3433 turns).

qw the Shooter (Minotaur Hexslinger)                Turns: 3433, Time: 00:01:18

Health: -4/52      AC:  7    Str: 13    XL:     6   Next: 60%
Magic:  6/6        EV: 11    Int: 10    God:
Gold:   238        SH:  0    Dex: 20    Spells: 6/7 levels left

rFire   . . .        Y - +2 sling
rCold   . . .        (no shield)
rNeg    . . .        k - +0 ring mail
rPois   .            (helmet restricted)
rElec   .            b - +0 cloak
rCorr   .            (no gloves)
SInv    +            f - +0 pair of boots
Will    .....        (no amulet)
Stlth   +            a - ring of see invisible
HPRegen 0.28/turn    i - +6 ring of dexterity
MPRegen 0.10/turn

%: no passive effects
@: lethally poisoned (-4 -> -20)
A: horns 2, retaliatory headbutt
a: no special abilities


You were on level 5 of the Dungeon.
You visited 1 branch of the dungeon, and saw 5 of its levels.

You collected 238 gold pieces.


Innate Abilities, Weirdness & Mutations

You have a pair of horns on your head.
You reflexively headbutt those who attack you in melee.


   Skills:
 - Level 4.1 Fighting
 + Level 6.7 Ranged Weapons
 - Level 1.1 Armour
 - Level 2.1 Dodging
 - Level 1.0 Spellcasting
 - Level 2.0 Hexes


You had 6 spell levels left.
You knew the following spells:

 Your Spells              Type           Power      Damage    Failure   Level
a - Slow                  Hex            16%        N/A       32%         1

Your spell library contained the following spells:

 Spells                   Type           Power      Damage    Failure   Level
 Inner Flame              Hex/Fire       2%         N/A       82%         3
 Portal Projectile        Hex/Tloc       4%         N/A       82%         3
 Cause Fear               Hex            2%         N/A       97%         4

Inventory:

Hand Weapons
 Y - a +2 sling (weapon)
Armour
 b - a +0 cloak (worn)
 f - a +0 pair of boots (worn)
 k - a +0 ring mail (worn)
Jewellery
 a - a ring of see invisible (left hand)
 i - a +6 ring of dexterity (right hand)
 l - a ring of protection from cold
Scrolls
 g - a scroll of identify
Potions
 c - a potion of invisibility {unknown}
 d - 2 potions of enlightenment
 e - a potion of degeneration {unknown}
 h - a potion of curing {unknown}
 j - a potion of ambrosia {unknown}
 n - a potion of berserk rage {unknown}

Dungeon Overview and Level Annotations

Branches:
Dungeon (5/15)
 Temple: D:4-7

Altars:
Ashenzari
Dithmenos
Elyvilon
Nemelex Xobeh
Sif Muna
The Shining One

Annotations:
D:3 2 runed translucent doors, qw's ghost, amateur GrHs
D:5 1 transporter, qw's ghost, novice GrHs


Message History

The killer bee poisons you! The killer bee stings you.
You are more poisoned.
The killer bee poisons you!
The killer bee moves out of view.
You shoot a sling bullet. The sling bullet hits the killer bee!
The killer bee is almost dead.
You feel very sick. The killer bee closely misses you.
You shoot a sling bullet.
The sling bullet closely misses the killer bee.
The killer bee buzzes angrily.
The sling bullet hits the killer bee!
You kill the killer bee!
You feel very sick. The killer bee closely misses you.
The killer bee barely misses you.
You shoot a sling bullet. The sling bullet hits the killer bee!
The killer bee is severely wounded.
You feel very sick. The killer bee misses you. The killer bee stings you. x3
You are more poisoned.
The killer bee poisons you!
You shoot a sling bullet.
The sling bullet closely misses the killer bee.
You feel very sick. The killer bee stings you.
The killer bee completely misses you.
The killer bee stings you but does no damage.
The killer bee misses you. You furiously retaliate!
You headbutt the killer bee.
You kill the killer bee!
The killer bee barely misses you. The killer bee closely misses you.
The killer bee misses you. You furiously retaliate!
You headbutt the killer bee! You shoot a sling bullet.
The sling bullet misses the killer bee.
You feel very sick.
The killer bee stings you but does no damage.
The killer bee stings you.
You are more poisoned.
The killer bee poisons you! The killer bee stings you.
The killer bee closely misses you. You furiously retaliate!
You headbutt the killer bee.
The killer bee stings you but does no damage.
The killer bee closely misses you. The killer bee stings you.
You die...

#.# #.# #.#
##########.##
#...........#
#.########..# # #.#
#..# ...##.#y# ##..###
..?...y@# ###.....##
.####.y.........###..#
#######.###.###..###
..........#.....
...^.........###
########.....#
8....S8##....#
......WW#....#
#.....#.#....###


You could see 3 killer bees.

Vanquished Creatures
  A water moccasin (D:4)
  A phantom (D:5)
  2 killer bees (D:5)
  A gnoll (D:1)
  5 adders
  A shadow imp (D:5)
  An ufetubus (D:3)
  2 worms (D:2)
  4 orcs (D:3)
  8 ball pythons
  6 bats
  5 endoplasms
  5 giant cockroaches
  9 hobgoblins
  6 kobolds
  3 quokkas
  7 goblins
  11 rats
78 creatures vanquished.

Notes
Turn   | Place    | Note
-------+----------+-------------------------------------------
     0 | D:1      | qw the Minotaur Hexslinger began the quest for the Orb.
     0 | D:1      | Reached XP level 1. HP: 16/16 MP: 1/1
     0 | D:1      | 0 ||| qw: Version: 0.3-a-52-g30416fa
     0 | D:1      | 0 ||| qw: Game counter: 7541
     0 | D:1      | 0 ||| qw: Melee chars always use a shield: true
     0 | D:1      | 0 ||| qw: God list: Okawaru
     0 | D:1      | 0 ||| qw: Allow faded altars: false
     0 | D:1      | 0 ||| qw: Do Orc after clearing Dungeon:15 true
     0 | D:1      | 0 ||| qw: Do second Lair branch before Depths: true
     0 | D:1      | 0 ||| qw: Lair rune preference: random
     0 | D:1      | 0 ||| qw: Goals: Normal
     0 | D:1      | 0 ||| PLANNING D:1-11
   122 | D:1      | Reached skill level 3 in Ranged Weapons
   137 | D:1      | Reached XP level 2. HP: 17/23 MP: 2/2
   295 | D:1      | 295 ||| Stepping ~*~*~tactically~*~*~ (outnumbered).
   303 | D:1      | 303 ||| Stepping ~*~*~tactically~*~*~ (outnumbered).
   312 | D:1      | 312 ||| FLEEEEING.
   314 | D:1      | 314 ||| FLEEEEING.
   315 | D:1      | 315 ||| FLEEEEING.
   316 | D:1      | 316 ||| FLEEEEING.
   317 | D:1      | 317 ||| FLEEEEING.
   318 | D:1      | 318 ||| FLEEEEING.
   319 | D:1      | 319 ||| FLEEEEING.
   320 | D:1      | 320 ||| FLEEEEING.
   321 | D:1      | 321 ||| FLEEEEING.
   322 | D:1      | 322 ||| FLEEEEING.
   323 | D:1      | 323 ||| FLEEEEING.
   324 | D:1      | 324 ||| FLEEEEING.
   325 | D:1      | 325 ||| FLEEEEING.
   326 | D:1      | 326 ||| FLEEEEING.
   327 | D:1      | 327 ||| FLEEEEING.
   328 | D:1      | 328 ||| FLEEEEING.
   329 | D:1      | 329 ||| FLEEEEING.
   330 | D:1      | 330 ||| FLEEEEING.
   332 | D:1      | 332 ||| FLEEEEING.
   333 | D:1      | 333 ||| FLEEEEING.
   334 | D:1      | 334 ||| FLEEEEING.
   335 | D:1      | 335 ||| FLEEEEING.
   336 | D:1      | 336 ||| FLEEEEING.
   337 | D:1      | 337 ||| FLEEEEING.
   338 | D:1      | 338 ||| FLEEEEING.
   342 | D:1      | Reached XP level 3. HP: 23/29 MP: 3/3
   688 | D:1      | 688 ||| READING scroll labelled BEWIUW AVEISEGOQ.
   689 | D:1      | 689 ||| READING scroll labelled KIAG QOZUTUME.
   690 | D:1      | 690 ||| READING scroll labelled HOPIOWK CEUSCHU.
   691 | D:1      | 691 ||| DRINKING 3 glowing orange potions.
   692 | D:1      | 692 ||| DROPPING scroll of poison.
   895 | D:2      | Reached skill level 4 in Ranged Weapons
   939 | D:2      | 939 ||| FLEEEEING.
   940 | D:2      | 940 ||| FLEEEEING.
  1032 | D:2      | Reached XP level 4. HP: 35/36 MP: 4/4
  1664 | D:2      | 1664 ||| UPGRADING to +0 cloak.
  1669 | D:2      | 1669 ||| UPGRADING to ring of see invisible.
  1670 | D:2      | 1670 ||| READING scroll labelled ARESTR NOEHEMY.
  1671 | D:2      | 1671 ||| READING scroll labelled SUSMIE FIFUTER.
  1693 | D:3      | Reached skill level 5 in Ranged Weapons
  1740 | D:3      | Noticed a bullfrog
  1760 | D:3      | Found a large runed translucent door.
  1760 | D:3      | Found a large runed translucent door.
  1763 | D:3      | Noticed qw's ghost (amateur GrHs)
  1860 | D:3      | Found a broken altar of Ashenzari.
  1864 | D:3      | Found a shimmering blue altar of Sif Muna.
  1867 | D:3      | Found a shadowy altar of Dithmenos.
  2221 | D:3      | Found a glowing golden altar of the Shining One.
  2389 | D:3      | Reached skill level 3 in Fighting
  2480 | D:3      | 2480 ||| UPGRADING to +0 pair of boots.
  2485 | D:3      | 2485 ||| UPGRADING to +0 ring mail.
  2495 | D:3      | 2495 ||| DROPPING +0 robe.
  2496 | D:3      | 2496 ||| READING scroll labelled USOVECK HYISI.
  2565 | D:3      | 2565 ||| DRINKING 2 fizzy pink potions.
  2600 | D:3      | 2600 ||| DROPPING potion of lignification.
  2641 | D:4      | Found a sparkling altar of Nemelex Xobeh.
  2675 | D:4      | Identified the +7 mace "Ogunn" {holy, Stlth+}
  2694 | D:4      | Found a white marble altar of Elyvilon.
  3005 | D:4      | Reached skill level 1 in Armour
  3005 | D:4      | Reached XP level 5. HP: 43/45 MP: 5/5
  3265 | D:4      | 3265 ||| UPGRADING to +6 ring of dexterity.
  3266 | D:4      | 3266 ||| READING scroll labelled FEZOHI HOCAORI.
  3267 | D:4      | 3267 ||| READING 2 scrolls labelled OTUDOM ETSOI.
  3268 | D:4      | 3268 ||| DROPPING scroll of butterflies.
  3292 | D:5      | Entered Level 5 of the Dungeon
  3292 | D:5      | Noticed a phantom
  3292 | D:5      | Noticed a water moccasin
  3293 | D:5      | 3293 ||| PLANNING OSSUARY
  3296 | D:5      | 3296 ||| STAIRDANCE
  3299 | D:4      | Killed a water moccasin
  3300 | D:4      | Reached skill level 6 in Ranged Weapons
  3358 | D:5      | Noticed qw's ghost (novice GrHs)
  3366 | D:5      | Found a transporter.
  3377 | D:5      | Noticed a phantom
  3387 | D:5      | Killed a phantom
  3388 | D:5      | Reached XP level 6. HP: 46/52 MP: 6/6
  3432 | D:5      | HP: 13/52 [killer bee (5)]
  3433 | D:5      | HP: 6/52 [killer bee (3)]
  3433 | D:5      | HP: 2/52 [killer bee (4)]
  3433 | D:5      | Slain by a killer bee

Levels and vault maps discovered:
D:1:      lemuel_arrival_tunnels, layout_rooms
D:2:      layout_basic, serial_bayou_crossing
D:3:      layout_basic, lemuel_crystal_altar, grunt_temple_overflow_diamond,
          ebering_ghost_disaster_area, kennysheep_nub, serial_bayou_pond_b,
          lightli_corner_chamber
D:4:      layout_basic, mainiacjoe_overflow_catwalk, mainiacjoe_overflow_paths,
          serial_bayou_ford_a
D:5:      layout_loops_ring, mainiacjoe_overflow_small_starburst,
          amcnicky_altar_gilded, minmay_temple_entry_large_hall,
          gammafunk_ghost_arena, gup_sewer_entry_glass,
          nicolae_ossuary_entry_catacombs

Skill      XL: |  1  2  3  4  5 |
---------------+----------------+-----
Ranged Weapons | 3 4 5 6 |  6.7
Fighting       | 2 3 4 |  4.1
Armour         | 1 |  1.1
Dodging        | |  2.1
Spellcasting   | |  1.0
Hexes          | |  2.0

Action                     |  1- 3 |  4- 6 || total
---------------------------+-------+-------++-------
   Fire: Sling             |   118 |   109 ||   227
    Use: Scroll            |     3 |     5 ||     8
         Potion            |     1 |     1 ||     2
 Armour: Robe              |    15 |     4 ||    19
         Ring mail         |       |     6 ||     6
  Dodge: Dodged            |    38 |    44 ||    82

Table legend:
 A = Non-vault XP
 B = Vault XP
 C = Vault XP percentage of total XP
 D = Non-vault monster count
 E = Vault monster count
 F = Vault count percentage of total count
                 A         B        C        D         E       F
            +---------+---------+-------+---------+---------+-------
      Total |     586 |       7 |   1.2 |      74 |       4 |   5.1
            +---------+---------+-------+---------+---------+-------
        D:1 |      52 |       0 |   0.0 |      25 |       0 |   0.0
        D:2 |      86 |       0 |   0.0 |      21 |       0 |   0.0
        D:3 |      40 |       7 |  14.9 |      17 |       4 |  19.0
        D:4 |     165 |       0 |   0.0 |       7 |       0 |   0.0
        D:5 |     243 |       0 |   0.0 |       4 |       0 |   0.0
            +---------+---------+-------+---------+---------+-------
